 Dungeon Crawl Stone Soup version 0.23-a0-642-g3120c2f (webtiles) character file.

39 dondy the Grave Robber (level 3, 4/19 HPs)
             Began as a Deep Elf Necromancer on Dec 31, 2018.
             Quit the game on level 2 of the Dungeon.
             The game lasted 00:04:15 (1273 turns).

dondy the Grave Robber (Deep Elf Necromancer)       Turns: 1273, Time: 00:04:16

Health: 4/19       AC:  2    Str:  6    XL:     3   Next: 28%
Magic:  3/9        EV: 13    Int: 19    God:
Gold:   32         SH:  0    Dex: 15    Spells: 7/8 levels left

rFire    . . .     SeeInvis .   (no weapon)
rCold    . . .     Gourm    .   (no shield)
rNeg     . . .     Faith    .   a - +0 robe
rPois    .         Spirit   .   (no helmet)
rElec    .         Reflect  .   (no cloak)
rCorr    .         Harm     .   (no gloves)
MR       .....                  (no boots)
Stlth    ++........             (no amulet)
HPRegen  0.06/turn              (no ring)
MPRegen  0.11/turn              (no ring)

@: lethally poisoned (4 -> -1)
A: no striking features
a: no special abilities


You were on level 2 of the Dungeon.
You were not hungry.

You visited 1 branch of the dungeon, and saw 2 of its levels.

You collected 32 gold pieces.

Inventory:

Armour
 a - a +0 robe (worn)
Scrolls
 b - a scroll of identify {unknown}
 d - a scroll of remove curse {unknown}
Comestibles
 c - 3 rations
 f - a chunk of flesh


   Skills:
 - Level 2.4 Dodging
 - Level 2.4 Stealth
 - Level 3.0 Spellcasting
 + Level 6.2 Necromancy


You had 7 spell levels left.
You knew the following spells:

 Your Spells              Type           Power        Failure   Level  Hunger
a - Pain                  Necr           ####         1%          1    None

Your spell library contained the following spells:

 Spells                   Type           Power        Failure   Level  Hunger
 Animate Skeleton         Necr           N/A          1%          1    None
 Vampiric Draining        Necr           ####......   3%          3    ###....
 Animate Dead             Necr           N/A          12%         4    ####...
 Regeneration             Chrm/Necr      ##........   13%         3    ###....


Dungeon Overview and Level Annotations

Branches:
Dungeon (2/15)

Altars:


Message History

The adder writhes in agony!
You feel sick. The adder completely misses you.
Casting: Pain (safe; 1% risk of failure)
Confirm with . or Enter, or press ? or * to list all spells.
Aiming: Pain (safe; 1% risk of failure)
Press: ? - help, Shift-Dir - straight line, f/p - adder
Aim: an adder (severely wounded, chance to defeat MR: 89%)
The adder writhes in agony!
The adder barely misses you. The adder closely misses you.
Casting: Pain (safe; 1% risk of failure)
Confirm with . or Enter, or press ? or * to list all spells.
Aiming: Pain (safe; 1% risk of failure)
Press: ? - help, Shift-Dir - straight line, f/p - adder
Aim: an adder (almost dead, chance to defeat MR: 89%)
The adder writhes in agony!
You kill the adder!
* * * LOW HITPOINT WARNING * * *
You feel sick.
You aren't carrying any potions.
You aren't carrying any potions.
Are you sure you want to abandon this character and quit the game? (Confirm

#.....# ######.....##
#######......÷.....
....)..<####.....## .
########÷........#
..###########..###.....#
..............).....###
#..###.############# .
#. #@# (..w#<##†#
#......# ##...### #...
#.#. ...## ..# ...


There were no monsters in sight!

Vanquished Creatures
  An adder (D:2)
  An ooze (D:1)
  A dart slug (D:1)
  2 leopard geckos
  2 goblins (D:1)
  5 hobgoblins
  A quokka (D:2)
  A bat (D:1)
  A frilled lizard (D:1)
  6 kobolds (D:1)
  2 rats
23 creatures vanquished.

Vanquished Creatures (others)
  A plant (D:1)
1 creature vanquished.

Grand Total: 24 creatures vanquished

Notes
Turn   | Place    | Note
-------+----------+-------------------------------------------
     0 | D:1      | dondy the Deep Elf Necromancer began the quest for the Orb.
     0 | D:1      | Reached XP level 1. HP: 10/10 MP: 6/6
    31 | D:1      | Reached skill level 5 in Necromancy
   483 | D:1      | Reached XP level 2. HP: 14/15 MP: 5/8
  1160 | D:2      | Reached skill level 6 in Necromancy
  1166 | D:2      | Reached XP level 3. HP: 11/19 MP: 1/9
  1273 | D:2      | Quit the game

Vault maps used:
D:1:      ncdulo_lavacross, serial_forest, infiniplex_forest_lined_room_2,
          infiniplex_forest_lined_corner, infiniplex_forest_clump_small,
          infiniplex_forest_clump_double, infiniplex_forest_clump_C,
          infiniplex_forest_clump_diagonal, infiniplex_forest_clump_small,
          lexackson_kobold_supper

Skill      XL: |  1  2 |
---------------+-------+-----
Necromancy     | 5 6 |  6.2
Dodging        | |  2.4
Stealth        | |  2.4
Spellcasting   | |  3.0

Action                   || total
-------------------------++-------
 Cast: Pain              ||    43
  Eat: Chunk             ||     1
Armor: Robe              ||     3
Dodge: Dodged            ||    10

Table legend:
 A = Non-vault XP
 B = Vault XP
 C = Vault XP percentage of total XP
 D = Non-vault monster count
 E = Vault monster count
 F = Vault count percentage of total count
                 A         B        C        D         E       F
            +---------+---------+-------+---------+---------+-------
      Total |      52 |       5 |   8.8 |      18 |       5 |  21.7
            +---------+---------+-------+---------+---------+-------
        D:1 |      30 |       5 |  14.3 |      13 |       5 |  27.8
        D:2 |      22 |       0 |   0.0 |       5 |       0 |   0.0
            +---------+---------+-------+---------+---------+-------
